 Dungeon Crawl Stone Soup version 0.25-a0-356-g7c9d860b3b (webtiles) character file.

Game seed: 16362469857567483964, levelgen mode: deterministic

129 Inarius the Charlatan (level 4, 0/34 HPs)
             Began as a Demonspawn Artificer on Jan 3, 2020.
             Slain by Grinder (3 damage)
             ... on level 3 of the Dungeon.
             The game lasted 00:03:12 (2316 turns).

Inarius the Charlatan (Demonspawn Artificer)        Turns: 2316, Time: 00:03:13

Health: 0/34       AC:  8    Str: 14    XL:     4   Next: 88%
Magic:  6/6        EV:  7    Int: 17    God:
Gold:   68         SH:  0    Dex: 13    Spells: 3/3 levels left

rFire    . . .     SeeInvis .   h - +0 short sword (drain)
rCold    . . .     Gourm    .   (no shield)
rNeg     . . .     Faith    .   k - +0 chain mail
rPois    .         Spirit   .   (no helmet)
rElec    .         Reflect  .   (no cloak)
rCorr    .         Harm     .   (no gloves)
MR       .....                  (no boots)
Stlth    ..........             (no amulet)
HPRegen  0.11/turn              q - ring of attention (curse)
MPRegen  0.10/turn              (no ring)

@: brilliant
A: claws 1, powered by death 1
a: no special abilities


You were on level 3 of the Dungeon.
You were near starving.

You visited 1 branch of the dungeon, and saw 3 of its levels.

You collected 68 gold pieces.

Inventory:

Hand Weapons
 a - a +0 short sword
 h - a +0 short sword of draining (weapon)
Armour
 b - a +0 leather armour
 k - a +0 chain mail (worn)
Jewellery
 q - a cursed ring of attention (left claw)
Wands
 c - a wand of flame (9)
 d - a wand of enslavement (15)
 e - a wand of random effects (15)
Scrolls
 m - a scroll of magic mapping
 o - a scroll of amnesia
Potions
 i - a potion of invisibility {unknown}
 l - a potion of degeneration {unknown}
 n - a potion of berserk rage {unknown}
 p - a potion of might {unknown}
 r - a potion of mutation {unknown}
 s - a potion of curing {unknown}
 t - a potion of lignification {unknown}
Comestibles
 f - 2 rations


   Skills:
 * Level 2.7 Fighting
 - Level 0.8 Short Blades
 + Level 1.5 Armour
 + Level 2.9 Dodging
 - Level 0.8 Stealth
 * Level 1.4 Unarmed Combat
 - Level 3.0 Evocations


You had 3 spell levels left.
You didn't know any spells.
Your spell library was empty.

Dungeon Overview and Level Annotations

Branches:
Dungeon (3/15)

Altars:

Annotations:
D:3 Grinder


Innate Abilities, Weirdness & Mutations

You have sharp fingernails.
You regenerate a little health from kills.


Message History

You are too injured to fight recklessly!
You are too injured to fight recklessly!
You are too injured to fight recklessly!
You are too injured to fight recklessly!
Grinder barely misses you.
As you read the scroll of fear, it crumbles to dust.
You assume a fearsome visage.
Grinder is unaffected.
The hobgoblin looks frightened!
The giant cockroach looks frightened!
Grinder barely misses you.
The hobgoblin gives up.
Grinder gestures at you. Pain shoots through your body!
* * * LOW HITPOINT WARNING * * *
Unknown command.
It was a potion of brilliance.
You feel clever all of a sudden.
You puncture Grinder!
Grinder is heavily wounded.
Grinder hits you.
You die...

####### ....... #......
....... #...... .......
#...... ....... #########
#...... .......
#.......###...... .......
+.......'.'......
#..[...###.......###......
#..g....5@.......# #......
#................# #######
#..s.......#######
#######....# #....# ######


You could see Grinder, a giant cockroach (fleeing) and a hobgoblin (fleeing).

Vanquished Creatures
  An orc priest (D:3)
  2 adders (D:2)
  An adder skeleton (D:2)
  A worm (D:2)
  A dart slug (D:1)
  3 leopard geckos
  4 orcs
  2 ball pythons (D:3)
  2 giant cockroaches
  7 goblins
  4 hobgoblins (D:1)
  6 jackals (D:1)
  11 kobolds
  A quokka (D:2)
  7 bats
  4 frilled lizards
  10 rats
67 creatures vanquished.

Notes
Turn   | Place    | Note
-------+----------+-------------------------------------------
     0 | D:1      | Inarius the Demonspawn Artificer began the quest for the
                  | Orb.
     0 | D:1      | Reached XP level 1. HP: 15/15 MP: 3/3
   201 | D:1      | Gained mutation: You have sharp fingernails. [demonic
                  | ancestry]
   201 | D:1      | Reached XP level 2. HP: 16/21 MP: 4/4
   513 | D:1      | Gained mutation: You regenerate a little health from kills.
                  | [demonic ancestry]
   513 | D:1      | Reached XP level 3. HP: 9/27 MP: 5/5
  1110 | D:1      | Reached skill level 1 in Unarmed Combat
  1305 | D:2      | Reached skill level 1 in Armour
  1371 | D:2      | Reached XP level 4. HP: 22/34 MP: 6/6
  2298 | D:3      | Noticed Grinder
  2316 | D:3      | Slain by Grinder

Levels and vault maps discovered:
D:1:      giann_horns, layout_rooms, nrook_uturn
D:2:      layout_rooms
D:3:      layout_basic, first_ration, grunt_dithmenos_smoke, uniq_grinder

Skill      XL: |  1  2  3 |
---------------+----------+-----
Dodging        | 2 |  2.9
Fighting       | 2 |  2.7
Unarmed Combat | 1 |  1.4
Armour         | 1 |  1.5
Short Blades   | |  0.8
Stealth        | |  0.8
Evocations     | |  3.0

Action                   |  1- 3 |  4- 6 || total
-------------------------+-------+-------++-------
Melee: Short sword       |   136 |    77 ||   213
Evoke: Wand              |     6 |       ||     6
  Use: Scroll            |       |     4 ||     4
       Potion            |       |     1 ||     1
 Stab: Sleeping          |       |     1 ||     1
  Eat: Chunk             |     2 |     1 ||     3
Armor: Leather armour    |    35 |    11 ||    46
       Chain mail        |       |    46 ||    46
Dodge: Dodged            |   103 |    34 ||   137

Table legend:
 A = Non-vault XP
 B = Vault XP
 C = Vault XP percentage of total XP
 D = Non-vault monster count
 E = Vault monster count
 F = Vault count percentage of total count
                 A         B        C        D         E       F
            +---------+---------+-------+---------+---------+-------
      Total |     185 |       0 |   0.0 |      67 |       0 |   0.0
            +---------+---------+-------+---------+---------+-------
        D:1 |      61 |       0 |   0.0 |      38 |       0 |   0.0
        D:2 |      66 |       0 |   0.0 |      20 |       0 |   0.0
        D:3 |      58 |       0 |   0.0 |       9 |       0 |   0.0
            +---------+---------+-------+---------+---------+-------
